 Dungeon Crawl Stone Soup version 0.31-a0-521-gc7390f8997 (webtiles) character file.

Game seed: 14335736816585046978

555 Crownlay the Poker (level 7, -1/54 (56) HPs)
             Began as a Demonspawn Gladiator on Aug 10, 2023.
             Was an Initiate of Qazlal.
             Slain by a wight
             ... wielding a +2 morningstar of freezing
              (11 damage)
             ... on level 5 of the Dungeon.
             The game lasted 00:05:21 (3703 turns).

Crownlay the Poker (Demonspawn Gladiator)           Turns: 3703, Time: 00:05:22

HP:   -1/54 (56)    AC:  7    Str: 14    XL:     7   Next: 8%
MP:   9/9           EV: 12    Int: 10    God:    Qazlal [......]
Gold: 218           SH: 10    Dex: 16    Spells: 6/6 levels left

rFire   . . .        a - +0 trident
rCold   . . .        g - +0 buckler
rNeg    . . .        b - +0 leather armour
rPois   .            c - +0 helmet
rElec   .            (no cloak)
rCorr   .            l - +0 pair of gloves
SInv    .            (no boots)
Will    +....        v - amulet of reflection
Stlth   +            r - ring of flight
HPRegen 0.29/turn    t - ring of willpower
MPRegen 0.11/turn

%: reflection
@: flying, lightly drained
A: rugged brown scales 2, demonic guardian 2
a: Renounce Religion


You were on level 5 of the Dungeon.
You worshipped Qazlal.
Qazlal was noncommittal.
You visited 1 branch of the dungeon, and saw 5 of its levels.

You collected 218 gold pieces.

Inventory:

Hand Weapons
 a - a +0 trident (weapon)
Missiles
 d - 6 throwing nets (quivered)
 e - a javelin
Armour
 b - a +0 leather armour (worn)
 c - a +0 helmet (worn)
 g - a +0 buckler (worn)
 l - a +0 pair of gloves (worn)
Jewellery
 r - a ring of flight (left hand)
 t - a ring of willpower (right hand)
 v - an amulet of reflection (around neck)
Scrolls
 j - 2 scrolls of identify
 m - a scroll of butterflies
 o - a scroll of enchant weapon {unknown}
 p - a scroll of fear {unknown}
 u - a scroll of poison {unknown}
 w - a scroll of vulnerability {unknown}
Potions
 f - a potion of brilliance {unknown}
 h - a potion of curing
 i - a potion of cancellation {unknown}
 k - 2 potions of ambrosia
 n - a potion of heal wounds {unknown}
 q - a potion of enlightenment {unknown}
 s - a potion of magic {unknown}
 x - a potion of mutation {unknown}


   Skills:
 + Level 4.0 Fighting
 * Level 5.2 Polearms
 - Level 1.7 Throwing
 - Level 2.6 Dodging
 + Level 3.0 Shields
 + Level 3.0 Invocations


You had 6 spell levels left.
You didn't know any spells.
Your spell library contained the following spells:

 Spells                   Type           Power      Damage    Failure   Level
 Magic Dart               Conj           0%         1d3       54%         1
 Necrotise                Necr           0%         1d4       54%         1
 Cigotuvi's Dreadful Rot  Necr/Pois/Air  0%         N/A       67%         2
 Searing Ray              Conj           0%         2d4       67%         2
 Ignite Poison            Fire/Tmut/Pois 0%         N/A       88%         3
 Vampiric Draining        Necr           0%         2d6       88%         3
 Fulminant Prism          Conj/Hex       0%         3d5       99%         4
 Agony                    Necr           0%         N/A       100%        5
 Freezing Cloud           Conj/Ice/Air   0%         6-21      100%        5


Dungeon Overview and Level Annotations

Branches:
Dungeon (5/15)
 Temple: D:4-7

Altars:
Qazlal


Innate Abilities, Weirdness & Mutations

You are mostly covered in rugged brown scales. (AC +2, +5% HP)
A demonic guardian rushes to your aid.


Message History

Your Shields skill increases to level 3!
Your Invocations skill increases to level 3!
You have reached level 7!
Your orange demon disappears in a puff of smoke!
A wight comes into view.
It is wielding a +2 morningstar of freezing.
A wight comes into view. It is wielding a +0 spear.
You closely miss the wight. You puncture the wight!
The wight is heavily damaged.
The wight hits you with a +2 morningstar of freezing!
You feel drained. The wight freezes you.
You barely miss the wight.
The wight is heavily damaged.
The wight hits you with a +2 morningstar of freezing!
The wight freezes you.
You barely miss the wight.
The wight is heavily damaged.
You block the wight's attack.
You closely miss the wight.
The wight is heavily damaged.
The wight barely misses you. You block the wight's attack.
You completely miss the wight.
The wight is heavily damaged.
The wight hits you from afar with a +0 spear.
You block the wight's attack.
You closely miss the wight.
The wight is heavily damaged.
The wight hits you from afar with a +0 spear!
* * * LOW HITPOINT WARNING * * *
A demonic guardian appears!
You block the wight's attack.
You hit the wight.
The wight is heavily damaged.
The wight barely misses you. You block the wight's attack.
Your hellwing completely misses the wight.
Your hellwing hits the wight but does no damage.
You hit the wight.
The wight is almost destroyed.
You block the wight's attack.
The wight hits you with a +2 morningstar of freezing!
You die...

......##.......#.#..#
.....# ###.....###..#
.....# #........##..#
.... ........###.##
... ....
............####....
......##.....)..!...
....................
..................
.......@.......?#.
#....4.z........#
##...z.......####
..............#
...........#..#
...........#...#
............ ..#
##.........#.


You could see 2 wights and a friendly hellwing (summoned).

Vanquished Creatures
  2 wights (D:4)
  A hound (D:3)
  Robin (D:2)
  A gnoll (D:2)
  4 adders
  3 worms
  2 dart slugs
  5 orcs
  7 ball pythons
  An endoplasm (D:2)
  6 giant cockroaches
  7 hobgoblins
  15 jackals
  3 quokkas
  7 bats
  3 frilled lizards
  12 goblins
  8 kobolds
  2 rats
90 creatures vanquished.

Vanquished Creatures (collateral kills)
  An ogre (D:5)
  2 wights (D:4)
  2 iguanas (D:4)
  2 jackals
  A kobold (D:3)
  A rat (D:2)
9 creatures vanquished.

Grand Total: 99 creatures vanquished

Notes
Turn   | Place    | Note
-------+----------+-------------------------------------------
     0 | D:1      | Crownlay the Demonspawn Gladiator began the quest for the
                  | Orb.
     0 | D:1      | Reached XP level 1. HP: 16/16 MP: 1/1
   177 | D:1      | Reached skill level 3 in Polearms
   177 | D:1      | Gained mutation: A weak demonic guardian rushes to your
                  | aid. [demonic ancestry]
   177 | D:1      | Reached XP level 2. HP: 22/22 MP: 2/2
   376 | D:1      | Reached skill level 1 in Shields
   508 | D:2      | Gained mutation: You are partially covered in rugged brown
                  | scales. (AC +1, +3% HP) [demonic ancestry]
   508 | D:2      | Reached XP level 3. HP: 11/28 MP: 3/3
   796 | D:2      | Gained mutation: A demonic guardian rushes to your aid.
                  | [demonic ancestry]
   796 | D:2      | Reached XP level 4. HP: 23/35 MP: 4/4
   987 | D:2      | Noticed Robin
  1001 | D:2      | Killed Robin
  1103 | D:2      | Reached skill level 4 in Polearms
  1554 | D:3      | Found a stormy altar of Qazlal.
  1568 | D:3      | Became a worshipper of Qazlal Stormbringer
  1699 | D:3      | Reached XP level 5. HP: 42/42 MP: 5/5
  2259 | D:3      | Reached skill level 1 in Invocations
  2672 | D:4      | Gained mutation: You are mostly covered in rugged brown
                  | scales. (AC +2, +5% HP) [demonic ancestry]
  2672 | D:4      | Reached XP level 6. HP: 29/49 MP: 7/7
  2773 | D:4      | Reached skill level 5 in Polearms
  3225 | D:4      | Reached * piety under Qazlal
  3607 | D:5      | Entered Level 5 of the Dungeon
  3661 | D:5      | Reached XP level 7. HP: 39/56 MP: 9/9
  3703 | D:5      | Slain by a wight

Illustrated notes

Levels and vault maps discovered:
D:1:      tarquinn_simple_flora_water_a, layout_rooms
D:2:      layout_rooms, minmay_increasing_density, uniq_robin
D:3:      layout_basic, grunt_qazlal_sundering
D:4:      layout_basic, grunt_ministairs_10, bh_walls_and_bars
D:5:      minmay_thinvault, layout_cave_pools

Skill      XL: |  1  2  3  4  5  6 |
---------------+-------------------+-----
Polearms       | 3 4 5 |  5.2
Shields        | 1 2 3 |  3.0
Fighting       | 3 4 |  4.0
Invocations    | 1 3 |  3.0
Throwing       | |  1.7
Dodging        | |  2.6

Action                     |  1- 3 |  4- 6 |  7- 9 || total
---------------------------+-------+-------+-------++-------
  Melee: Trident           |   133 |   216 |     9 ||   358
    Use: Scroll            |       |     3 |       ||     3
         Potion            |       |     1 |       ||     1
   Stab: Sleeping          |     1 |     4 |       ||     5
         Distracted        |     1 |       |       ||     1
 Armour: Leather armour    |    51 |    48 |       ||    99
  Dodge: Dodged            |    86 |   131 |     2 ||   219
  Block: Buckler           |    27 |    61 |     6 ||    94

Table legend: (Time is in decaauts)
 A = Elapsed time spent in this place.
 B = Non-inter-level travel time spent in this place.
 C = Inter-level travel time spent in this place.
 D = Time resting spent in this place.
 E = Time spent auto-exploring this place.
 F = Levels seen in this place.
 G = Mean time per level.
                   A        B        C        D        E       F      G
               +--------+--------+--------+--------+--------+-----+--------+
         Total |   3754 |   3641 |    113 |      0 |   2945 |   5 |  750.8 |
       Dungeon |   3754 |   3641 |    113 |      0 |   2945 |   5 |  750.8 |
               +--------+--------+--------+--------+--------+-----+--------+

Top non-repeatable levels by time:
     D:4: 1234 daAuts
     D:2: 984 daAuts
     D:3: 928 daAuts
     D:1: 511 daAuts
     D:5: 96 daAuts
